 Dungeon Crawl Stone Soup version 0.17-a0-1-g1f4be75 (webtiles) character file.

1478 Malachi the Skirmisher (level 8, -4/84 HPs)
             Began as an Ogre Hunter on Mar 13, 2015.
             Slain by an ogre
             ... wielding a +0 giant club
              (23 damage)
             ... on level 6 of the Dungeon.
             The game lasted 00:14:10 (9378 turns).

Malachi the Skirmisher (Ogre Hunter)                Turns: 9378, Time: 00:14:10

Health: -4/84      AC:  4    Str: 25    XL:     8   Next: 79%
Magic:  8/8        EV: 12    Int: 10    God:
Gold:   340        SH:  0    Dex: 10    Spells: 0 memorised, 7 levels left

rFire  . . .     SeeInvis .     D - +0 great mace
rCold  . . .     Clarity  .     d - +1 animal skin
rNeg   + . .     SustAb   .     (shield restricted)
rPois  .         Gourm    .     G - +0 hat
rElec  .         Spirit   .     (no cloak)
rCorr  .         Warding  +     (gloves unavailable)
rMut   .         Stasis   .     (boots unavailable)
MR     .....                    y - amulet of warding
Stlth  ++........               (no ring)
                                e - +5 ring of strength

@: not resistant to hostile enchantments, unstealthy
A: unfitting armour, tough skin 1
a: no special abilities


You were on level 6 of the Dungeon.
You were not hungry.

You visited 1 branch of the dungeon, and saw 6 of its levels.

You collected 340 gold pieces.

Inventory:

Hand weapons
 C - a +0 mace of crushing
 D - a +0 great mace (weapon)
Missiles
 c - a throwing net
 g - 24 stones
 m - 6 javelins
 n - 3 curare-tipped needles
 z - 4 needles of slowing
 A - 4 large rocks (quivered)
 B - 2 tomahawks
Armour
 d - a +1 animal skin (worn)
 G - a +0 hat (worn)
Jewellery
 e - a +5 ring of strength (left hand)
 y - an amulet of warding (around neck)
Magical devices
 r - a wand of random effects (6)
 t - a wand of frost (36)
 u - a wand of enslavement (20)
 v - a wand of polymorph (11)
Scrolls
 b - a scroll of fog
 h - a scroll of recharging {unknown}
 i - a scroll of identify
 o - a scroll of immolation
 p - 3 scrolls of magic mapping {unknown}
 F - a scroll of teleportation
Potions
 j - 5 potions of curing
 k - 2 potions of degeneration {unknown}
 q - a potion of magic {unknown}
 s - a potion of haste {unknown}
 w - a potion of might {unknown}
 x - a potion of poison {unknown}
Comestibles
 a - a beef jerky
 f - 3 meat rations
 l - 2 bread rations
 E - 3 chunks of flesh


   Skills:
 + Level 6.3 Fighting
 + Level 6.1 Maces & Flails
 + Level 6.2 Throwing
 + Level 6.3 Dodging
 + Level 2.4 Stealth


You had 7 spell levels left.
You didn't know any spells.

Dungeon Overview and Level Annotations

Branches:
Dungeon (6/15)
 Temple: D:4-7

Altars:
Qazlal
Vehumet

Shops:
D:6 !


Innate Abilities, Weirdness & Mutations

You are too large for most types of armour.
You have tough skin (AC +1).


Message History

You see here a hat.
G - a hat Wear which item? (? for menu, Esc to quit)
Keep equipping yourself? [Y]es or [N]o only, please.
Keep equipping yourself? [Y]es or [N]o only, please.
Keep equipping yourself? [Y]es or [N]o only, please.
Keep equipping yourself?
You start putting on your armour.
You continue putting on your hat.
You continue putting on your hat. x3
You finish putting on your +0 hat.
You barely miss the ogre. The ogre hits you with a giant club!!
You thump the ogre!
The ogre is heavily wounded.
The ogre hits you with a giant club!!
* * * LOW HITPOINT WARNING * * *
The ogre hits you with a giant club!!
You die...

##### . ###..#..### #. . ....
.....# #.# ##.# #....#..#.# #.#
## ....# #>##.#).#.# #.#
.##...####.##.#..#.######.#
.#...............#......#.#######
)).....# #.##....................
##.....###.####.@#....8..#.######
...............O.#..##....## #
####.##########.###.8.∩.8.#
.....# #..#####.#### ###### ##.#
#8# .# #.# .# #.# .# #.# .# ..#


You could see an ogre.

Vanquished Creatures
  A water moccasin (D:6)
  An orc warrior (D:6)
  A sky beast (D:6)
  2 giant frogs (D:6)
  Blork the orc (D:5)
  2 scorpions
  5 wights (D:6)
  A crimson imp (D:6)
  3 goliath beetles (D:6)
  A hound (D:6)
  An orc priest (D:6)
  A centaur skeleton (D:6)
  4 orc wizards (D:6)
  3 worker ants
  A hound zombie (D:6)
  8 adders
  3 gnolls (D:3)
  A shadow imp (D:5)
  5 worms
  An adder skeleton (D:6)
  An adder zombie (D:5)
  2 giant geckos
  3 oozes
  14 orcs
  5 bats
  A bat skeleton (D:4)
  6 giant cockroaches
  12 goblins
  8 hobgoblins
  2 jackals (D:6)
  8 kobolds
  5 quokkas
  A ball python (D:1)
  8 giant newts
  7 rats
129 creatures vanquished.

Vanquished Creatures (others)
  2 fungi (D:6)
2 creatures vanquished.

Grand Total: 131 creatures vanquished

Notes
Turn   | Place    | Note
--------------------------------------------------------------
     0 | D:1      | Malachi, the Ogre Hunter, began the quest for the Orb.
     0 | D:1      | Reached XP level 1. HP: 22/22 MP: 1/1
   413 | D:1      | Reached XP level 2. HP: 29/29 MP: 2/2
  1164 | D:1      | Reached skill level 5 in Throwing
  1673 | D:2      | Reached XP level 3. HP: 29/37 MP: 3/3
  2382 | D:2      | Reached skill level 1 in Maces & Flails
  2798 | D:2      | Reached XP level 4. HP: 14/45 MP: 4/4
  3288 | D:2      | Reached skill level 1 in Stealth
  4023 | D:3      | Found a stormy altar of Qazlal.
  4064 | D:3      | Reached XP level 5. HP: 41/53 MP: 5/5
  4760 | D:3      | Found a radiant altar of Vehumet.
  5299 | D:4      | Reached XP level 6. HP: 47/62 MP: 6/6
  6377 | D:5      | Entered Level 5 of the Dungeon
  7149 | D:5      | Noticed Blork the orc
  7155 | D:5      | Killed Blork the orc
  7648 | D:6      | Reached XP level 7. HP: 51/70 MP: 7/7
  8035 | D:6      | Reached skill level 5 in Dodging
  8253 | D:6      | Reached skill level 5 in Fighting
  8473 | D:6      | Reached XP level 8. HP: 62/80 MP: 8/8
  8723 | D:6      | Reached skill level 5 in Maces & Flails
  8723 | D:6      | Reached skill level 6 in Throwing
  9149 | D:6      | Noticed a water moccasin
  9158 | D:6      | Killed a water moccasin
  9324 | D:6      | Found Shriucs' Distillery.
  9378 | D:6      | Slain by an ogre

Action                   |  1- 3 |  4- 6 |  7- 9 || total
-------------------------+-------+-------+-------++-------
Melee: Short sword       |    51 |       |       ||    51
       Club              |   103 |   188 |       ||   291
       Mace              |       |    31 |    14 ||    45
       Great mace        |       |       |   106 ||   106
Throw: Large rock        |    13 |    46 |    25 ||    84
       Throwing net      |     1 |       |     2 ||     3
  Use: Potion            |     1 |       |       ||     1
       Scroll            |       |     9 |       ||     9
 Stab: Held in net/web   |     1 |       |       ||     1
       Sleeping          |       |       |     1 ||     1
  Eat: Chunk             |     4 |    13 |     5 ||    22
       Fruit             |     2 |     1 |     1 ||     4
       Beef jerky        |       |       |     1 ||     1
